PAAA
SALT LAKE CITY BUZZ @ NAPERVILLE BATTLEKINGS
09/17/2029
 
TOP OF THE 1ST
Salt Lake City Buzz batting - Pitching for Naperville Battlekings : RHP Chris Hayes
Pitching: RHP Chris Hayes
Batting: RHB Alejandro Herrera 0-0: Called Strike
0-1: Foul Ball, location: 2F
0-2: Strikes out swinging
Batting: RHB Jung-hwan Kwon 0-0: Ball
1-0: Ball
2-0: Ball
3-0: Called Strike
3-1: Ground out 1-3 (Groundball, 15)
Batting: SHB Félix Medina 0-0: Ball
1-0: Foul Ball, location: 2F
1-1: SINGLE (Line Drive, 56)
Batting: LHB Qi-zhen Loong 0-0: Called Strike
Félix Medina steals 2nd base
0-1: Ground out 4-3 (Groundball, 4)
Top of the 1st over - 0 runs, 1 hit, 0 errors, 1 left on base; Salt Lake City 0 - Naperville 0
BOTTOM OF THE 1ST
Naperville Battlekings batting - Pitching for Salt Lake City Buzz : RHP Pedro Espinoza
Pitching: RHP Pedro Espinoza
Batting: RHB Bill Rinck 0-0: Called Strike
0-1: Ball
1-1: Called Strike
1-2: Ball
2-2: Foul Ball, location: 2F
2-2: Fly out, F1 (Line Drive, 13)
Batting: SHB Alex Mable 0-0: Ball
1-0: Ball
2-0: Ball
3-0: Called Strike
3-1: Base on Balls
Batting: RHB Hirohisa Ogasawara 0-0: Swinging Strike
0-1: Swinging Strike
0-2: Fly out, F9 (Flyball, 89M)
Batting: RHB Ángel Rivera 0-0: Called Strike
0-1: Ball
1-1: SINGLE (Groundball, 6MD)
Alex Mable to second
Runner from 2nd tries for 3rd, SAFE, no throw
Batting: LHB Wilson López 0-0: Called Strike
0-1: SINGLE (Flyball, 89S)
Alex Mable scores
Ángel Rivera to second
Runner from 2nd tries for 3rd, SAFE, no throw
Batting: RHB Jorge Baker 0-0: Fielders Choice at 2nd, 4-6 (Groundball, 4MD)
Bottom of the 1st over - 1 run, 2 hits, 0 errors, 2 left on base; Salt Lake City 0 - Naperville 1
TOP OF THE 2ND
Salt Lake City Buzz batting - Pitching for Naperville Battlekings : RHP Chris Hayes
Batting: LHB Tim Waters 0-0: Hit by Pitch
Batting: LHB Roberto Soto 0-0: Ball
1-0: Ball
2-0: Ball
3-0: Called Strike
3-1: Foul Ball, location: 2F
3-2: Base on Balls
Tim Waters to second
Batting: RHB Vicente Cruz 0-0: Ball
1-0: SINGLE (Line Drive, 34D)
Tim Waters to third
Roberto Soto to second
Batting: LHB Mike Gillespie 0-0: Ball
1-0: Ball
2-0: Ball
3-0: Base on Balls
Tim Waters scores
Roberto Soto to third
Vicente Cruz to second
Batting: RHB Quigley Gibson 0-0: DOUBLE (Flyball, 78XD)
Roberto Soto scores
Vicente Cruz scores
Mike Gillespie to third
Runner from 3rd tries for Home, SAFE, no throw
Batting: RHB Alejandro Herrera 0-0: Swinging Strike
0-1: Swinging Strike
0-2: Strikes out looking
Batting: RHB Jung-hwan Kwon 0-0: Ball
1-0: Called Strike
1-1: Foul Ball, location: 2F
1-2: Ball
2-2: Ground out 1-3 (Groundball, 13)
Quigley Gibson to third
Batting: SHB Félix Medina 0-0: Ball
1-0: Fly out, F9 (Line Drive, 9D)
Top of the 2nd over - 4 runs, 2 hits, 0 errors, 1 left on base; Salt Lake City 4 - Naperville 1
BOTTOM OF THE 2ND
Naperville Battlekings batting - Pitching for Salt Lake City Buzz : RHP Pedro Espinoza
Batting: RHB Jean Lechuga 0-0: Foul Ball, location: 2F
0-1: Foul Ball, location: 2F
0-2: Ground out 1-3 (Groundball, 13S)
Batting: RHB Fernando Martínez 0-0: Ball
1-0: Fly out, F5 (Line Drive, 5)
Batting: RHB Edward Payne 0-0: Swinging Strike
0-1: Foul Ball, location: 2F
0-2: Ball
1-2: Ball
2-2: Strikes out swinging
Bottom of the 2nd over - 0 runs, 0 hits, 0 errors, 0 left on base; Salt Lake City 4 - Naperville 1
TOP OF THE 3RD
Salt Lake City Buzz batting - Pitching for Naperville Battlekings : RHP Chris Hayes
Batting: LHB Qi-zhen Loong 0-0: Ground out 6-3 (Groundball, 6M)
Batting: LHB Tim Waters 0-0: Fly out, F7 (Flyball, 7S)
Batting: LHB Roberto Soto 0-0: Swinging Strike
0-1: Swinging Strike
0-2: Foul Ball, location: 2F
0-2: Foul Ball, location: 2F
0-2: Fly out, F8 (Flyball, 8LD)
Top of the 3rd over - 0 runs, 0 hits, 0 errors, 0 left on base; Salt Lake City 4 - Naperville 1
BOTTOM OF THE 3RD
Naperville Battlekings batting - Pitching for Salt Lake City Buzz : RHP Pedro Espinoza
Batting: RHB Bill Rinck 0-0: Called Strike
0-1: Ball
1-1: Ball
2-1: Swinging Strike
2-2: Ball
3-2: Ground out 3-1 (Groundball, 34S)
Batting: SHB Alex Mable 0-0: Called Strike
0-1: Ball
1-1: Foul Ball, location: 2F
1-2: Ball
2-2: SINGLE (Line Drive, 4MD)
Batting: RHB Hirohisa Ogasawara 0-0: Called Strike
0-1: Ball
1-1: Ball
2-1: Ball
3-1: Swinging Strike
3-2: Strikes out swinging
Batting: RHB Ángel Rivera 0-0: Ball
1-0: Swinging Strike
1-1: Ball
2-1: Fly out, F8 (Flyball, 8LM)
Bottom of the 3rd over - 0 runs, 1 hit, 0 errors, 1 left on base; Salt Lake City 4 - Naperville 1
TOP OF THE 4TH
Salt Lake City Buzz batting - Pitching for Naperville Battlekings : RHP Chris Hayes
Batting: RHB Vicente Cruz 0-0: Ball
1-0: Foul Ball, location: 2F
1-1: Ball
2-1: Foul Ball, location: 2F
2-2: Ball
3-2: SINGLE (Groundball, 56D)
Batting: LHB Mike Gillespie 0-0: Ball
1-0: Ball
2-0: Called Strike
2-1: Ball
3-1: Foul Ball, location: 2F
3-2: Base on Balls
Vicente Cruz to second
Batting: RHB Quigley Gibson 0-0: Ball
Vicente Cruz steals 3rd base
1-0: Ball
Mike Gillespie steals 2nd base
2-0: Called Strike
2-1: Ball
3-1: Ground out 5-3 (Groundball, 5S)
Batting: RHB Alejandro Herrera 0-0: Fly out, F9 (Flyball, 9D)
Runner from 3rd tags up, SCORES, throw made
Batting: RHB Jung-hwan Kwon 0-0: Swinging Strike
0-1: Ground out U3 (Groundball, 34S)
Top of the 4th over - 1 run, 1 hit, 0 errors, 1 left on base; Salt Lake City 5 - Naperville 1
BOTTOM OF THE 4TH
Naperville Battlekings batting - Pitching for Salt Lake City Buzz : RHP Pedro Espinoza
Batting: LHB Wilson López 0-0: Ball
1-0: Ground out U3 (Groundball, 3L)
Batting: RHB Jorge Baker 0-0: Called Strike
0-1: Fly out, F8 (Flyball, 8RD)
Batting: RHB Jean Lechuga 0-0: Swinging Strike
0-1: Ball
1-1: Foul Ball, location: 2F
1-2: Ball
2-2: Ball
3-2: Strikes out looking
Bottom of the 4th over - 0 runs, 0 hits, 0 errors, 0 left on base; Salt Lake City 5 - Naperville 1
TOP OF THE 5TH
Salt Lake City Buzz batting - Pitching for Naperville Battlekings : RHP Chris Hayes
Batting: SHB Félix Medina 0-0: Ground out U3 (Groundball, 34)
Batting: LHB Qi-zhen Loong 0-0: Called Strike
0-1: Ball
1-1: Ground out 6-3 (Groundball, 6S)
Batting: LHB Tim Waters 0-0: Foul Ball, location: 2F
0-1: Fly out, F9 (Flyball, 9S)
Top of the 5th over - 0 runs, 0 hits, 0 errors, 0 left on base; Salt Lake City 5 - Naperville 1
BOTTOM OF THE 5TH
Naperville Battlekings batting - Pitching for Salt Lake City Buzz : RHP Pedro Espinoza
Batting: RHB Fernando Martínez 0-0: Fly out, F8 (Flyball, 8RM)
Batting: RHB Edward Payne 0-0: Swinging Strike
0-1: Ball
1-1: Fly out, F8 (Flyball, 8LS)
Batting: RHB Bill Rinck 0-0: Foul Ball, location: 2F
0-1: Fly out, F9 (Flyball, 9)
Bottom of the 5th over - 0 runs, 0 hits, 0 errors, 0 left on base; Salt Lake City 5 - Naperville 1
TOP OF THE 6TH
Salt Lake City Buzz batting - Pitching for Naperville Battlekings : RHP Chris Hayes
Batting: LHB Roberto Soto 0-0: Called Strike
0-1: Swinging Strike
0-2: Ball
1-2: Ball
2-2: Ball
3-2: SOLO HOME RUN (Line Drive, 9D), Distance : 361 ft
Pitching: RHP Mario Gonzáles
Batting: RHB Vicente Cruz 0-0: Called Strike
0-1: Ball
1-1: Foul Ball, location: 2F
1-2: Foul Ball, location: 2F
1-2: Ball
2-2: Strikes out swinging
Batting: LHB Mike Gillespie 0-0: Ball
1-0: Called Strike
1-1: Foul Ball, location: 2F
1-2: Ball
2-2: Ball
3-2: Strikes out swinging
Batting: RHB Quigley Gibson 0-0: Called Strike
0-1: Ball
1-1: Ball
2-1: Foul Ball, location: 2F
2-2: Fly out, F7 (Flyball, 7S)
Top of the 6th over - 1 run, 1 hit, 0 errors, 0 left on base; Salt Lake City 6 - Naperville 1
BOTTOM OF THE 6TH
Naperville Battlekings batting - Pitching for Salt Lake City Buzz : RHP Pedro Espinoza
Batting: SHB Alex Mable 0-0: Ball
1-0: SINGLE (Groundball, 34D)
Batting: RHB Hirohisa Ogasawara 0-0: Ball
1-0: Called Strike
1-1: SINGLE (Groundball, 5S) (infield hit)
Alex Mable to second
Batting: RHB Ángel Rivera 0-0: Fly out, F8 (Flyball, 8LD)
Batting: LHB Wilson López 0-0: Fly out, F2 (Popup, 3SF)
Batting: RHB Jorge Baker 0-0: Ball
1-0: Swinging Strike
1-1: Ball
2-1: Ball
3-1: Foul Ball, location: 2F
3-2: Base on Balls
Alex Mable to third
Hirohisa Ogasawara to second
Batting: RHB Jean Lechuga 0-0: SINGLE (Flyball, 9LS)
Alex Mable scores
Hirohisa Ogasawara to third
Jorge Baker to second
Runner from 3rd tries for Home, SAFE, no throw
Batting: RHB Fernando Martínez 0-0: Ball
1-0: Foul Ball, location: 2F
1-1: Foul Ball, location: 2F
Error on foul ball, E5
1-2: Ball
2-2: Foul Ball, location: 2F
2-2: Foul Ball, location: 2F
2-2: Ball
3-2: Foul Ball, location: 2F
3-2: SINGLE (Line Drive, 7LS)
Jorge Baker to third
Jean Lechuga to second
Jorge Baker scores
Jean Lechuga to third
Batting: RHB Edward Payne 0-0: Ball
1-0: Ball
2-0: Called Strike
2-1: Swinging Strike
2-2: Fly out, F6 (Line Drive, 6)
Bottom of the 6th over - 3 runs, 4 hits, 1 error, 2 left on base; Salt Lake City 6 - Naperville 4
TOP OF THE 7TH
Salt Lake City Buzz batting - Pitching for Naperville Battlekings : RHP Mario Gonzáles
Batting: RHB Alejandro Herrera 0-0: Foul Ball, location: 2F
0-1: Foul Ball, location: 2F
0-2: DOUBLE (Line Drive, 7LM)
Batting: RHB Jung-hwan Kwon 0-0: TRIPLE (Flyball, 78XD)
Alejandro Herrera scores
Batting: SHB Félix Medina 0-0: Ground out 5-3 (Groundball, 2L)
Batting: LHB Qi-zhen Loong 0-0: Ball
1-0: Foul Ball, location: 2F
1-1: Ball
2-1: Foul Ball, location: 2F
2-2: Ball
3-2: Base on Balls
Batting: LHB Tim Waters 0-0: Swinging Strike
0-1: Ball
1-1: Ball
2-1: Ball
3-1: Called Strike
3-2: Fly out, F9 (Flyball, 89M)
Runner from 3rd tags up, SCORES, throw made
Batting: LHB Roberto Soto 0-0: Ball
1-0: Fly out, F9 (Flyball, 89S)
Top of the 7th over - 2 runs, 2 hits, 0 errors, 1 left on base; Salt Lake City 8 - Naperville 4
BOTTOM OF THE 7TH
Naperville Battlekings batting - Pitching for Salt Lake City Buzz : RHP Pedro Espinoza
Batting: RHB Bill Rinck 0-0: Ground out 6-3 (Groundball, 6)
Batting: SHB Alex Mable 0-0: Ball
1-0: SINGLE (Flyball, 89M)
Batting: RHB Hirohisa Ogasawara 0-0: Foul Ball, location: 2F
0-1: Ball
1-1: Called Strike
1-2: DOUBLE (Line Drive, 9LM)
Alex Mable to third
Pitching: LHP Léonard Moreau
Batting: RHB Ángel Rivera 0-0: Foul Ball, location: 2F
0-1: Called Strike
0-2: Ball
1-2: Fly out, F8 (Flyball, 8LS)
Runner from 3rd tags up, SCORES, no throw
Batting: LHB Wilson López 0-0: Fly out, F9 (Flyball, 9D)
Bottom of the 7th over - 1 run, 2 hits, 0 errors, 1 left on base; Salt Lake City 8 - Naperville 5
TOP OF THE 8TH
Salt Lake City Buzz batting - Pitching for Naperville Battlekings : RHP Mario Gonzáles
Batting: RHB Vicente Cruz 0-0: Called Strike
0-1: Ball
1-1: Fly out, F8 (Flyball, 8LM)
Batting: LHB Mike Gillespie 0-0: Foul Ball, location: 2F
0-1: Ball
1-1: Ball
2-1: Foul Ball, location: 2F
2-2: Foul Ball, location: 2F
2-2: Fly out, F7 (Flyball, 7D)
Batting: RHB Quigley Gibson 0-0: Ball
1-0: Ball
2-0: Ball
3-0: Called Strike
3-1: Called Strike
3-2: Base on Balls
Batting: RHB Alejandro Herrera 0-0: Called Strike
0-1: Ball
1-1: SINGLE (Groundball, 6M) (infield hit)
Quigley Gibson to second
Batting: RHB Jung-hwan Kwon 0-0: Swinging Strike
0-1: Ball
1-1: DOUBLE (Line Drive, 78M)
Quigley Gibson scores
Alejandro Herrera to third
Runner from 3rd tries for Home, SAFE, no throw
Pitching: RHP Sixto Palaeios
Batting: SHB Félix Medina 0-0: Fly out, F9 (Flyball, 9S)
Top of the 8th over - 2 runs, 2 hits, 0 errors, 1 left on base; Salt Lake City 10 - Naperville 5
BOTTOM OF THE 8TH
Naperville Battlekings batting - Pitching for Salt Lake City Buzz : LHP Léonard Moreau
Batting: RHB Jorge Baker 0-0: Foul Ball, location: 2F
0-1: Foul Ball, location: 2F
0-2: Fly out, F8 (Flyball, 8RD)
Batting: RHB Jean Lechuga 0-0: Called Strike
0-1: Ground out 6-3 (Groundball, 6)
Batting: RHB Fernando Martínez 0-0: Called Strike
0-1: Ball
1-1: Ball
2-1: Ball
3-1: Swinging Strike
3-2: Foul Ball, location: 2F
3-2: Base on Balls
Batting: RHB Edward Payne 0-0: Foul Ball, location: 2F
0-1: Ball
1-1: Ball
2-1: Foul Ball, location: 2F
2-2: Ground out 4-3 (Groundball, 4)
Bottom of the 8th over - 0 runs, 0 hits, 0 errors, 1 left on base; Salt Lake City 10 - Naperville 5
TOP OF THE 9TH
Salt Lake City Buzz batting - Pitching for Naperville Battlekings : RHP Sixto Palaeios
Batting: LHB Qi-zhen Loong 0-0: Ball
1-0: Ball
2-0: Ball
3-0: Called Strike
3-1: Foul Ball, location: 2F
3-2: Strikes out looking
Batting: LHB Tim Waters 0-0: Fly out, F8 (Flyball, 8LD)
Batting: LHB Roberto Soto 0-0: Fly out, F8 (Line Drive, 78D)
Top of the 9th over - 0 runs, 0 hits, 0 errors, 0 left on base; Salt Lake City 10 - Naperville 5
BOTTOM OF THE 9TH
Naperville Battlekings batting - Pitching for Salt Lake City Buzz : LHP Léonard Moreau
Batting: RHB Bill Rinck 0-0: Ball
1-0: Fly out, F7 (Flyball, 78M)
Batting: SHB Alex Mable 0-0: Fly out, F7 (Line Drive, 7D)
Batting: RHB Hirohisa Ogasawara 0-0: Ball
1-0: Called Strike
1-1: DOUBLE (Flyball, 8LXD)
Batting: RHB Ángel Rivera 0-0: Ball
1-0: Called Strike
1-1: Ground out 6-3 (Groundball, 56D)
Bottom of the 9th over - 0 runs, 1 hit, 0 errors, 1 left on base; Salt Lake City 10 - Naperville 5
Tuesday, December 19th, 2017 - OOTP Baseball 18.8 Build 76